cohdb
Replays
Latest Replays
All Replays
Popular Replays
Top Player Replays
Match Explorer
How It Works
Community
CoH3 Stats
Reddit
Sign in to upload your games and track your stats! →
Sign in with Steam
Match 41444151
Unlisted
Match 41444151
Overview
Messages
Build Orders
End
Scout Squad
Scout Squad
Selects Airborne Battlegroup
Selects Pathfinders
Engineer Squad
Engineer Squad
Engineer Squad
Construct Weapon Support Center
M1919 Machine Gun Team
Selects Paratrooper Squad Paradrop
M1919 Machine Gun Team
Bazooka Squad
Selects Anti-tank Gun Team Paradrop
Anti-tank Gun Team Paradrop
Mechanized Support Center
Construct Tank Depot
Selects Smoke Bombing Run
Paratrooper Squad Paradrop
Selects Paradrop Reinforcements
M4A1 Sherman Medium Tank
Smoke Bombing Run
Kitsuné
Reakly
Axis unplayable
IncaUna
0
0
Comments
sign in to comment!
No comments posted yet!